AoeStats
← MadCat

Pilgrims

509621517Analyzed
3v3 RM · 4d ago on Sep 27, 2026· 49m 25s· 6 players
Game mode
Random Map
Map size
Normal (6 player)
Population
200
Speed
Normal
Resources
Standard
Victory
Conquest
Starting age
Dark Age
Ending age
Imperial Age
RankedLock teamsTeams togetherTeam positionsShared explorationLock speedFull tech treeHidden civsTurbo modeCheats
Victory
Defeat
🇩🇪 Danes · Germany
1049
+17
🇩🇪 Saxons · Germany
1039
+17
🇩🇪 Mongols · Germany
1027
+18
🇹🇷 Japanese · Türkiye
1081
-18
🇹🇼 Varangians · Taiwan
1068
-17
🇹🇼 Italians · Taiwan
1055
-17
寶島 Tiger 砲
21:05 Feudal Age
23:51 Feudal Age
30:39 Castle Age
33:05 Scale Mail Armor
32:59 Fletching
36:57 Town Watch
48:08 Imperial Age
50:06 Chemistry
寶島岡山之鬼
5:39 Loom
14:46 Feudal Age
15:27 Arson
15:39 Stone Mining
15:35 Double-Bit Axe
15:33 Man-at-Arms
16:31 Fletching
27:52 Castle Age
27:48 Wheelbarrow
26:59 Town Watch
29:34 Bow Saw
31:01 Bodkin Arrow
33:40 Squires
35:26 Clinker Construction
38:22 Careening
38:34 Ballistics
41:48 Scale Mail Armor
42:12 Husbandry
43:15 Bloodlines
43:25 Pikeman
44:28 Fishing Lines
Avcı-47
6:34 Loom
14:23 Feudal Age
19:30 Castle Age
17:43 Fletching
18:30 Town Watch
18:34 Arson
19:03 Forging
18:54 Scale Mail Armor
18:47 Double-Bit Axe
20:57 Elite Skirmisher
22:21 Padded Archer Armor
42:02 Bow Saw
48:13 Leather Archer Armor
MadCat
5:35 Loom
10:30 Feudal Age
12:08 Town Watch
15:35 Castle Age
14:11 Fletching
14:31 Double-Bit Axe
24:27 Bow Saw
30:57 Bodkin Arrow
36:53 Imperial Age
39:32 Padded Archer Armor
schnage
8:00 Loom
10:45 Feudal Age
14:36 Double-Bit Axe
16:08 Fletching
21:16 Castle Age
28:22 Town Watch
29:13 Wheelbarrow
31:40 Gambesons
31:57 Squires
34:16 Arson
34:09 Hamask
37:27 Horse Collar
42:46 Imperial Age
40:36 Pikeman
40:38 Man-at-Arms
42:56 Gold Mining
44:06 Conscription
43:32 Elite Varangian Guard
43:38 Halberdier
44:39 Bow Saw
44:32 Heavy Plow
44:49 Forging
44:40 Scale Mail Armor
44:13 Heavy Scorpion
45:33 Conscription
45:30 Elite Jomsviking
ColinMacLaren
11:05 Loom
13:11 Feudal Age
14:57 Double-Bit Axe
16:24 Forging
18:43 Castle Age
16:58 Fishing Lines
18:46 Wheelbarrow
18:40 Horse Collar
19:53 Medium Warships
21:00 Fletching
21:58 Bow Saw
24:09 Hand Cart
25:26 Scale Mail Armor
26:46 Chain Mail Armor
26:30 Bodkin Arrow
27:20 Gambesons
27:35 Squires
28:59 Sanctity
29:44 Redemption
30:50 Heavy Plow
33:00 Scale Barding Armor
33:30 Iron Casting
34:20 Husbandry
34:30 Bloodlines
41:30 Imperial Age
39:36 Chain Barding Armor
39:27 Clerical Recruitment
41:23 Arson
42:20 Cavalier
42:24 Capped Ram
43:27 Conscription
43:43 Plate Mail Armor
43:43 Block Printing
43:27 Shield Wall
Connection lost

Rejoining the realm…

Still unreachable

The connection could not be restored.

Session expired

The server has moved on; the page needs a fresh start.